 Dungeon Crawl Stone Soup version 0.29.1-1-gd02db6906a (webtiles) character file.

Game seed: 8480123572793293845

19 Zeld the Digger (level 2, 15/15 HPs)
             Began as a Gargoyle Earth Elementalist on Oct 17, 2022.
             Quit the game on level 2 of the Dungeon.
             The game lasted 00:02:34 (868 turns).

Zeld the Digger (Gargoyle Earth Elementalist)        Turns: 868, Time: 00:02:35

Health: 15/15      AC:  4    Str: 11    XL:     2   Next: 75%
Magic:  5/5        EV: 12    Int: 15    God:
Gold:   58         SH:  0    Dex: 10    Spells: 2/5 levels left

rFire   . . .      SeeInvis .   (no weapon)
rCold   . . .      Faith    .   (no shield)
rNeg    + . .      Spirit   .   a - +0 robe
rPois   ∞          Reflect  .   (no helmet)
rElec   +          Harm     .   (no cloak)
rCorr   .          Rampage  .   (no gloves)
Will    .....                   (no boots)
Stlth   ++........              (no amulet)
HPRegen 0.05/turn               (no ring)
MPRegen 0.09/turn               (no ring)

@: no status effects
A: sickness immunity, AC +2, negative energy resistance 1, electricity
resistance, torment resistance 1, petrification resistance
a: no special abilities


You were on level 2 of the Dungeon.
You visited 1 branch of the dungeon, and saw 2 of its levels.

You collected 58 gold pieces.

Inventory:

Armour
 a - a +0 robe (worn)
Scrolls
 d - 2 scrolls of identify {unknown}
 e - a scroll of fog {unknown}
 g - a scroll of enchant armour {unknown}
Potions
 b - a potion of magic
 c - a potion of mutation {unknown}
 f - a potion of degeneration {unknown}


   Skills:
 + Level 1.7 Dodging
 + Level 2.5 Stealth
 * Level 2.3 Spellcasting
 - Level 1.0 Transmutations
 * Level 4.0 Earth Magic


You had 2 spell levels left.
You knew the following spells:

 Your Spells              Type           Power      Damage    Failure   Level
a - Sandblast             Erth           26%        2d8       4%          1
b - Passwall              Tmut/Erth      7%         N/A       12%         2

Your spell library contained the following spells:

 Spells                   Type           Power      Damage    Failure   Level
 Apportation              Tloc           2%         N/A       22%         1
 Stone Arrow              Conj/Erth      14%        3d7       28%         3
 Portal Projectile        Hex/Tloc       2%         N/A       54%         3
 Tukima's Dance           Hex            1%         N/A       54%         3
 Petrify                  Tmut/Erth      9%         N/A       58%         4
 Alistair's Intoxication  Tmut/Pois      2%         N/A       99%         5
 Blade Hands              Tmut           2%         N/A       99%         5


Dungeon Overview and Level Annotations

Branches:
Dungeon (2/15)

Altars:


Innate Abilities, Weirdness & Mutations

You are immune to sickness and miasma.
Your stone body is resilient. (AC +2)
You are immune to poison.
You resist negative energy. (rN+)
You are resistant to electric shocks. (rElec)
You are resistant to unholy torment.
You are immune to petrification.


Message History

The blast of sand hits the bat.
You kill the bat!
Your Earth Magic skill increases to level 4!
The goblin closely misses you.
The blast of sand misses the goblin.
The blast of sand hits the goblin!
You kill the goblin!
The goblin hits you but does no damage.
The blast of sand hits the goblin!
You kill the goblin!
Your magical contamination has completely faded away.
You can't see any susceptible monsters within range! (Use Z to cast anyway.) HP restored.
Things that are here:
a +0 dagger; a goblin corpse You now have 58 gold pieces (gained 10).
You open the door.
Found a stone staircase leading down.
You can't see any susceptible monsters within range! (Use Z to cast anyway.) No target in view!
You can't see any susceptible monsters within range! (Use Z to cast anyway.)
There is a stone staircase leading down here.
Done exploring.
Done exploring.
Done exploring.
There is a stone staircase leading down here.
You climb downwards.
Found a scroll labelled LEUMIDDUTU.
Found a stone staircase leading down.
There is a stone staircase leading up here.
g - a scroll labelled LEUMIDDUTU
Found a leather armour.
You open the door.
There is an open door here.
A giant cockroach comes into view.
Welcome back, Zeld the Gargoyle Earth Elementalist.
Press ? for a list of commands and other information.
A giant cockroach is nearby!
Saving game... please wait.
Welcome back, Zeld the Gargoyle Earth Elementalist.
Press ? for a list of commands and other information.
Are you sure you want to abandon this character and quit the game? (Confirm with "yes".)

.....####.#
.........##
#.........####
#.............
#.#............#
#.....### #.#.#
#####...####.#.#
#######............
#.@...#.#####......
#.###'#.# #######..
#.#.....# .........
#.#.....# ########.
#B#.....# #.
#.####### #. .. ##
## # #


You could see a giant cockroach (wandering).

Vanquished Creatures
  3 ball pythons (D:1)
  An endoplasm (D:1)
  3 goblins (D:1)
  2 hobgoblins (D:1)
  A kobold (D:1)
  A quokka (D:1)
  3 bats (D:1)
  3 frilled lizards (D:1)
  A rat (D:1)
18 creatures vanquished.

Notes
Turn   | Place    | Note
-------+----------+-------------------------------------------
     0 | D:1      | Zeld the Gargoyle Earth Elementalist began the quest for
                  | the Orb.
     0 | D:1      | Reached XP level 1. HP: 10/10 MP: 3/3
   164 | D:1      | Reached skill level 1 in Transmutations
   164 | D:1      | Reached XP level 2. HP: 15/15 MP: 1/5
   167 | D:1      | Learned a level 2 spell: Passwall
   288 | D:1      | Found a faded altar of an unknown god.
   639 | D:1      | Reached skill level 4 in Earth Magic
   868 | D:2      | Quit the game

Illustrated notes

Levels and vault maps discovered:
D:1:      elethiomel_arrival_shortcut, layout_rooms,
          shapermc_ecumenical_altar_notcrosses
D:2:      layout_basic, small_statue_intersection

Skill      XL: |  1  2 |
---------------+-------+-----
Transmutations | 1 |  1.0
Earth Magic    | 4 |  4.0
Dodging        | |  1.7
Stealth        | |  2.5
Spellcasting   | |  2.3

Action                   || total
-------------------------++-------
Melee: Unarmed           ||     1
 Cast: Sandblast         ||    22
Armor: Robe              ||     1
Dodge: Dodged            ||     3
